 Dungeon Crawl Stone Soup version 0.27.1-33-g824d729ab1 (webtiles) character file.

Game seed: 1398238809749874262

86 ces the Sneak (level 4, 0/23 HPs)
             Began as a Spriggan Brigand on Nov 30, 2021.
             Slain by an adder (4 damage)
             ... on level 3 of the Dungeon.
             The game lasted 00:04:25 (3259 turns).

ces the Sneak (Spriggan Brigand)                    Turns: 3259, Time: 00:04:26

Health: 0/23       AC:  3    Str:  7    XL:     4   Next: 26%
Magic:  5/5        EV: 17    Int: 12    God:
Gold:   60         SH:  0    Dex: 17    Spells: 3/3 levels left

rFire    + . .     SeeInvis +   a - +2 dagger
rCold    + . .     Faith    .   (shield restricted)
rNeg     . . .     Spirit   .   b - +0 robe
rPois    +         Reflect  .   (helmet restricted)
rElec    +         Harm     .   c - +0 cloak
rCorr    +         Rampage  .   (gloves unavailable)
Will     .....                  (boots unavailable)
Stlth    ++++......             (no amulet)
HPRegen  0.07/turn              (no ring)
MPRegen  0.09/turn              (no ring)

@: mighty, lethally poisoned (0 -> -4), resistant, attractive, very quick
A: very small, no large weapons, unfitting armour, see invisible, speed 3
a: no special abilities


You were on level 3 of the Dungeon.
You visited 1 branch of the dungeon, and saw 3 of its levels.

You collected 60 gold pieces.

Inventory:

Hand Weapons
 a - a +2 dagger (weapon)
Missiles
 d - 6 poisoned darts (quivered)
 e - 2 curare-tipped darts
Armour
 b - a +0 robe (worn)
 c - a +0 cloak (worn)
Scrolls
 h - a scroll of identify {unknown}
 i - 4 scrolls of teleportation {unknown}
 k - a scroll of vulnerability {unknown}
Potions
 f - a potion of might
 g - a potion of resistance


   Skills:
 + Level 1.9 Fighting
 + Level 3.1 Short Blades
 - Level 2.0 Throwing
 + Level 1.9 Dodging
 * Level 7.7 Stealth


You had 3 spell levels left.
You didn't know any spells.
Your spell library contained the following spells:

 Spells                   Type           Power      Damage    Failure   Level
 Foxfire                  Conj/Fire      0%         2x1d4     32%         1
 Summon Small Mammal      Summ           0%         N/A       32%         1
 Call Canine Familiar     Summ           0%         N/A       69%         3
 Conjure Flame            Conj/Fire      0%         6-21      69%         3
 Inner Flame              Hex/Fire       0%         N/A       69%         3
 Summon Guardian Golem    Hex/Summ       0%         N/A       69%         3


Dungeon Overview and Level Annotations

Branches:
Dungeon (3/15)

Altars:
Okawaru

Shops:
D:2 =


Innate Abilities, Weirdness & Mutations

You are very small and have problems with some larger weapons.
You are too small for most types of armour.
You have supernaturally acute eyesight. (SInv)
You cover ground extremely quickly. (Speed+++)


Message History

The ball python bites you but does no damage.
The ball python constricts you.
You closely miss the ball python.
The ball python is severely wounded.
The ball python misses you. The ball python constricts you.
You hit the ball python.
You kill the ball python!
You barely miss the adder. The adder bites you.
You are poisoned.
The adder poisons you!
You hit the adder.
The adder is lightly wounded.
You feel sick. The adder barely misses you.
You barely miss the adder.
The adder is lightly wounded.
You feel sick. The adder completely misses you.
You hit the adder.
The adder is moderately wounded.
You feel sick. The adder bites you.
You hit the adder.
The adder is heavily wounded.
You feel sick. The adder misses you.
You hit the adder.
The adder is heavily wounded.
You feel sick. The adder bites you.
You are lethally poisoned!
The adder poisons you!
You are too injured to fight recklessly!
It was a potion of might.
You feel very mighty all of a sudden.
You feel sick. The adder misses you. The adder completely misses you.
It was a potion of resistance.
You feel protected.
* * * LOW HITPOINT WARNING * * *
You feel sick. The adder closely misses you.
It was a potion of attraction.
You feel attractive to monsters.
* * * LOW HITPOINT WARNING * * *
You feel sick. The adder bites you.
You die...

#.#...#.... #.#...#.###
#...#.# # ##.#...#.# #
#.....<..### #
#######.#......>.# #.
#####...(...#...#..#.#
##.##.....†............#.#
......#.♣@♣.#.............
#.....S......#...#..#.#
#..♣.♣.♣.♣............#
#....._......#.#.#.####
#..♣.♣.♣!♣.# ......#
##.........###.
#.#.♣.♣.#.....
#...†.....## ######.####


You could see an adder.

Vanquished Creatures
  A gnoll (D:1)
  An adder (D:2)
  2 worms
  A dart slug (D:1)
  6 orcs (D:3)
  3 bats
  6 endoplasms
  2 giant cockroaches (D:2)
  3 goblins
  8 hobgoblins
  5 kobolds
  6 ball pythons
  4 frilled lizards
  A rat (D:1)
49 creatures vanquished.

Notes
Turn   | Place    | Note
-------+----------+-------------------------------------------
     0 | D:1      | ces the Spriggan Brigand began the quest for the Orb.
     0 | D:1      | Reached XP level 1. HP: 10/10 MP: 2/2
   110 | D:1      | Found a faded altar of an unknown god.
   191 | D:1      | Reached skill level 6 in Stealth
   234 | D:1      | Reached XP level 2. HP: 8/15 MP: 3/3
  1260 | D:1      | Reached XP level 3. HP: 18/18 MP: 4/4
  1354 | D:2      | Reached skill level 7 in Stealth
  1993 | D:2      | Found Ubrud's Jewellery Emporium.
  2586 | D:3      | Reached XP level 4. HP: 10/23 MP: 5/5
  3232 | D:3      | Found an iron altar of Okawaru.
  3259 | D:3      | Slain by an adder

Illustrated notes

Levels and vault maps discovered:
D:1:      minmay_arrival_wavy_path, layout_basic,
          hellmonk_ecumenical_altar_arch_garden, minmay_misc_feat_plants
D:2:      layout_loops_ring, serial_shops, nicolae_diamond_shop,
          grunt_ministairs_8
D:3:      layout_loops_cross, okawaru_trees_1, chequers_mini_garden

Skill      XL: |  1  2  3 |
---------------+----------+-----
Stealth        | 6 7 |  7.7
Short Blades   | 3 |  3.1
Fighting       | |  1.9
Throwing       | |  2.0
Dodging        | |  1.9

Action                   |  1- 3 |  4- 6 || total
-------------------------+-------+-------++-------
Melee: Dagger            |   101 |    23 ||   124
Throw: Dart              |     7 |    15 ||    22
  Use: Potion            |     2 |     3 ||     5
 Stab: Sleeping          |    18 |     2 ||    20
Armor: Robe              |    13 |     3 ||    16
       Skin              |    11 |       ||    11
Dodge: Dodged            |    60 |    16 ||    76
